[Event "29th CRO-chT Junior 2020"]
[Site "Cakovec"]
[Date "2020.07.15"]
[Round "3.11"]
[White "Baric, Marko"]
[Black "Tomljanovic, Ivano"]
[Result "0-1"]
[ECO "C62"]
[WhiteElo "1831"]
[BlackElo "1393"]
[Annotator "NA RC"]
[PlyCount "100"]
[EventDate "2020.07.14"]
[EventType "team-tourn"]
[EventCountry "CRO"]
[SourceTitle "playchess.com"]
[Source "ChessBase"]
[SourceQuality "1"]
[TimeControl "5400+30"]

1. e4 e5 2. Nf3 Nc6 3. Bb5 d6 4. d4 exd4 5. Nxd4 Bd7 6. O-O Nf6 7. Bxc6 Bxc6 8. Nxc6 bxc6 9. Bg5 Be7 10. Qd4 {[%emt 0:03:30] C62: Ruy Lopez: Steinitz Defence.} O-O 11. Nd2 {[%emt 0:01:30] [#]} Re8 $146 ({Predecessor:} 11... h6 12. Bh4 Re8 13. f4 c5 14. Qd3 Rb8 15. b3 Nd7 16. Bxe7 Rxe7 17. Rae1 Nb6 {½-½ (57) Richter,G (2211)-Li,D (1058) Oberwinden 2007}) 12. Rfe1 h6 13. Bh4 c5 14. Qa4 Nd7 (14... Ng4 $5 15. Bg3 Bh4 $11) 15. Bxe7 Qxe7 16. Nc4 Nb6 17. Nxb6 cxb6 18. Rad1 Rad8 19. Rd5 Qb7 20. Rxd6 (20. Red1 $14) 20... b5 21. Rxd8 Rxd8 22. Qa5 Rd6 23. f3 Qd7 24. Qc3 c4 25. Kf1 Rd4 26. a3 h5 27. Ke2 Rd6 28. b3 cxb3 29. cxb3 Rc6 30. Qd3 Qc7 31. Rd1 (31. e5 $1 $11) 31... Qxh2 32. Qd8+ ({White has to play} 32. Kf2 $17) 32... Kh7 33. Qg5 Rg6 34. Qf5 Kh6 ({Less strong is} 34... Qxg2+ 35. Ke3 $17) 35. Qxf7 Qxg2+ 36. Ke1 (36. Ke3 $19 Rf6 {[%mdl 64] Double Attack} 37. Qd5) 36... Qh2 (36... Qg1+ $142 37. Kd2 Qd4+ 38. Kc1 Rc6+ 39. Qc4 Qe3+ {[%mdl 64] Double Attack} 40. Kc2 bxc4 41. b4 Rg6 42. Kb1 Qb3+ {[%mdl 64] Double Attack} 43. Ka1 c3 44. Rd2 Rg1+ 45. Rd1 Rxd1#) 37. Qxa7 Rg1+ $2 (37... Rg2 {mates} 38. Rd6+ Kh7 39. Rh6+ {[%mdl 64] Decoy} Kxh6 40. Qe3+ Kh7 41. Kd1 Ra2 42. f4 Qc2+ 43. Ke1 Qb1+ 44. Qc1 Qxc1#) 38. Qxg1 Qxg1+ 39. Ke2 Qc5 40. b4 Qa7 41. Rd6+ g6 42. f4 {[%emt 0:00:45] [#]} Qe7 $1 43. Rd4 h4 44. Kf3 Qe6 45. e5 Qh3+ 46. Ke4 Qg2+ 47. Ke3 Qg1+ 48. Ke4 h3 49. Rd3 {[%emt 0:00:16] [#]} Qb1 50. e6 h2 0-1

[Event "29th CRO-chT Junior 2020"]
[Site "Cakovec"]
[Date "2020.07.15"]
[Round "3.12"]
[White "Kresic, Vid"]
[Black "Cecic-Sule, Dino"]
[Result "0-1"]
[ECO "D02"]
[WhiteElo "1216"]
[BlackElo "1695"]
[Annotator "NA RC"]
[PlyCount "82"]
[EventDate "2020.07.14"]
[EventType "team-tourn"]
[EventCountry "CRO"]
[SourceTitle "playchess.com"]
[Source "ChessBase"]
[SourceQuality "1"]
[TimeControl "5400+30"]

1. d4 d5 2. Nf3 Nf6 3. Bf4 c5 4. e3 Nc6 5. Nbd2 Qb6 6. Qc1 cxd4 7. exd4 Nxd4 8. Be3 Nxf3+ 9. Nxf3 Qc7 10. Bb5+ Bd7 11. Bxd7+ Nxd7 12. O-O e6 13. c3 Be7 14. Qd2 O-O 15. Rfe1 Nf6 16. Bd4 Ne4 17. Qc2 Bc5 18. Be3 Bxe3 19. Rxe3 b5 20. Nd2 f5 21. Nxe4 fxe4 22. a4 b4 23. Rc1 Rac8 24. h3 Qf4 25. Qd2 a5 26. Re2 Qxd2 27. Rxd2 Rc4 28. Rd4 Rfc8 29. Rxc4 Rxc4 30. Kf1 bxc3 31. Rxc3 Rxa4 32. Rc6 Kf7 33. Rc7+ Kf6 34. g4 h6 35. Rb7 Rb4 36. Rxb4 axb4 37. Ke2 Ke5 38. Kd2 Kf4 39. Ke2 d4 40. Kd2 Kf3 41. Ke1 b3 0-1

[Event "29th CRO-chT Junior 2020"]
[Site "Cakovec"]
[Date "2020.07.15"]
[Round "3.16"]
[White "Kristofic, Dino"]
[Black "Novosel, Lovro"]
[Result "0-1"]
[ECO "B07"]
[WhiteElo "1290"]
[BlackElo "1719"]
[Annotator "NA RC"]
[PlyCount "42"]
[EventDate "2020.07.14"]
[EventType "team-tourn"]
[EventCountry "CRO"]
[SourceTitle "playchess.com"]
[Source "ChessBase"]
[SourceQuality "1"]
[TimeControl "5400+30"]

1. e4 g6 2. Bc4 Bg7 3. Nc3 d6 4. Nf3 Nf6 5. d3 O-O 6. O-O c5 7. Be3 a6 8. a4 Nc6 9. Nd5 Bg4 10. h3 Bxf3 11. Qxf3 Ne5 12. Qe2 Nxc4 13. dxc4 Nxe4 14. f3 Ng3 15. Qd2 Nxf1 16. Rxf1 e6 17. Nc3 Qb6 18. b3 Qb4 19. Ne4 Qxd2 20. Bxd2 d5 21. Nxc5 Bd4+ 0-1

[Event "29th CRO-chT Junior 2020"]
[Site "Cakovec"]
[Date "2020.07.15"]
[Round "3.19"]
[White "Mijic, Karlo"]
[Black "Troselj, Ivan"]
[Result "0-1"]
[ECO "B12"]
[WhiteElo "1729"]
[BlackElo "1857"]
[Annotator "NA RC"]
[PlyCount "78"]
[EventDate "2020.07.14"]
[EventType "team-tourn"]
[EventCountry "CRO"]
[SourceTitle "playchess.com"]
[Source "ChessBase"]
[SourceQuality "1"]
[TimeControl "5400+30"]

1. e4 c6 2. d4 d5 3. e5 c5 4. dxc5 e6 5. Be3 Nc6 6. Nf3 {[%emt 0:00:00] B12: Caro-Kann: Advance Variation.} Qc7 7. Bb5 Bd7 8. Bxc6 Bxc6 9. b4 a5 10. c3 Ne7 11. Qd2 Ng6 12. Bd4 Be7 13. O-O O-O {[%emt 0:00:30] [#]} 14. Qe3 $146 ({Predecessor:} 14. Re1 Qd7 15. Qb2 Rfb8 16. Nbd2 a4 17. a3 Bb5 18. Qc2 Rc8 19. g3 Qc6 20. Rac1 Bf8 21. Re3 Be7 22. h4 h6 {½-½ (22) Martos Martin,J (1877)-Tarrago Domingo,M (1977) Barcelona 2016}) 14... axb4 (14... Ra6 $11) 15. cxb4 Ra4 16. a3 Rfa8 {[%emt 0:00:00] [#]} (16... Raa8 $16 {was necessary.} 17. Nc3 Bd8) 17. Bb2 (17. Nc3 $1 $18 {and the rest is easy.}) 17... Be8 18. Nc3 R4a6 19. Rae1 b6 20. cxb6 Rxb6 21. Rc1 Rc6 22. Nd4 Rc4 23. f4 Qa7 24. Rfd1 Bd8 25. Nce2 Bb6 26. Kf1 Bb5 27. Rxc4 Bxc4 28. g3 Ne7 29. Qd2 Qa6 30. Kg2 h6 31. Nc1 Rc8 32. Ncb3 Bxb3 33. Nxb3 Nf5 34. Re1 $2 {[%emt 0:01:30] [#]} (34. Kh3 $17 {is a better chance.}) 34... Ne3+ $1 35. Rxe3 Bxe3 36. Qxe3 (36. Qd1 $142 Qc4 37. Nd4) 36... Rc2+ {[%emt 0:00:00] Double Attack} 37. Kh3 Qf1+ 38. Kg4 Qd1+ {[%emt 0:00:30] Decoy} 39. Qf3 h5+ 0-1

[Event "29th CRO-chT Junior 2020"]
[Site "Cakovec"]
[Date "2020.07.15"]
[Round "3.20"]
[White "Zekic, Patrik"]
[Black "Bedic, Noemi"]
[Result "1/2-1/2"]
[ECO "E92"]
[WhiteElo "1699"]
[BlackElo "1712"]
[Annotator "NA RC"]
[PlyCount "133"]
[EventDate "2020.07.14"]
[EventType "team-tourn"]
[EventCountry "CRO"]
[SourceTitle "playchess.com"]
[Source "ChessBase"]
[SourceQuality "1"]
[TimeControl "5400+30"]

1. d4 Nf6 2. c4 g6 3. Nc3 Bg7 4. Nf3 O-O 5. e4 d6 6. Be2 e5 7. d5 a5 8. Bg5 h6 9. Be3 Ng4 10. Qd3 Nxe3 11. Qxe3 Na6 12. Bd3 Nc5 13. Bc2 a4 14. Nd2 f5 15. f3 f4 16. Qf2 Bf6 17. h4 Rf7 18. O-O-O c6 19. Rdg1 Qb6 20. Qe2 a3 21. b3 Bxh4 22. Rxh4 Nxb3+ 23. Bxb3 Qxg1+ 24. Qf1 Qd4 25. Kc2 Kg7 26. Rh1 cxd5 27. exd5 Bf5+ 28. Nde4 b5 29. Nxb5 Bxe4+ 30. fxe4 Qxe4+ 31. Kc3 Qe3+ 32. Qd3 Qc5 33. Qh3 h5 34. Qd3 Re8 35. Qe4 Rb8 36. Kd2 Rf6 37. Ke2 Rbf8 38. Bc2 Rf5 39. Rh3 Rg5 40. Rxa3 f3+ 41. Rxf3 Rxg2+ 42. Kd3 Rxf3+ 43. Qxf3 Rg4 44. Ke2 Qxc4+ 45. Qd3 Rg2+ 46. Kd1 Rxc2 47. Qxc2 Qxd5+ 48. Qd2 Qxb5 49. Qxd6 Qa4+ 50. Ke1 Qxa2 51. Qxe5+ Kh7 52. Qe7+ Kg8 53. Qe8+ Kg7 54. Qe5+ Kf8 55. Qb8+ Ke7 56. Qc7+ Ke6 57. Qc6+ Kf5 58. Qf3+ Ke6 59. Qe4+ Kf6 60. Qf4+ Ke7 61. Qg5+ Kf7 62. Qf4+ Ke6 63. Qe4+ Kf6 64. Qf4+ Kg7 65. Qe5+ Kh6 66. Qh8+ Kg5 67. Qe5+ 1/2-1/2

[Event "29th CRO-chT Junior 2020"]
[Site "Cakovec"]
[Date "2020.07.15"]
[Round "4.2"]
[White "Mijic, Karlo"]
[Black "Vidovic, Dominik"]
[Result "1-0"]
[ECO "C02"]
[WhiteElo "1729"]
[BlackElo "1484"]
[Annotator "NA RC"]
[PlyCount "167"]
[EventDate "2020.07.14"]
[EventType "team-tourn"]
[EventCountry "CRO"]
[SourceTitle "playchess.com"]
[Source "ChessBase"]
[SourceQuality "1"]
[TimeControl "5400+30"]

1. e4 e6 2. d4 d5 3. e5 c5 4. c3 Nc6 5. Nf3 Qb6 6. b3 cxd4 7. cxd4 Bb4+ 8. Ke2 Qc7 9. a3 Ba5 10. Bb2 Nge7 11. b4 Bb6 12. Nc3 a6 13. Na4 Nf5 14. Nxb6 Qxb6 15. Qd3 Bd7 16. g4 Nfe7 17. Ke1 O-O 18. Ng5 Ng6 19. h4 h6 20. Rd1 Nxb4 21. axb4 Qxb4+ 22. Bc3 Qb3 23. Nf3 Bb5 24. Qe3 Bxf1 25. Rxf1 Nf4 26. Qxf4 Qxc3+ 27. Ke2 b5 28. Qd2 Qc4+ 29. Qd3 Rfc8 30. Qxc4 dxc4 31. Rb1 c3 32. Kd3 Rab8 33. Rb3 b4 34. Rfb1 a5 35. Ne1 Rc7 36. Ra1 Ra7 37. Nc2 Kf8 38. Ra4 Rba8 39. f4 Ke7 40. Ke4 Ra6 41. Kd3 Kd7 42. Nxb4 axb4 43. Rxa6 Rxa6 44. Rxb4 Rc6 45. Rb7+ Kc8 46. Rb1 Kd7 47. Rc1 Ra6 48. Rb1 Ra2 49. Rb7+ Ke8 50. Rb8+ Ke7 51. Rg8 Rg2 52. g5 c2 53. Rc8 c1=Q 54. Rxc1 Rh2 55. Rc7+ Ke8 56. g6 fxg6 57. Rxg7 Rxh4 58. Rxg6 Ke7 59. Ke4 Rh1 60. Rg7+ Ke8 61. Rg2 Re1+ 62. Kf3 Rf1+ 63. Rf2 Rd1 64. Ke3 Re1+ 65. Re2 Rh1 66. Rd2 Re1+ 67. Kf2 Re4 68. Kf3 Re1 69. Rh2 Rf1+ 70. Ke3 Re1+ 71. Kf2 Re4 72. Rxh6 Ke7 73. f5 Rf4+ 74. Ke3 Rxf5 75. Rh7+ Rf7 76. Rxf7+ Kxf7 77. Kd3 Ke7 78. Kc3 Kd7 79. Kb4 Kc6 80. Kc4 Kd7 81. Kb5 Kc7 82. Kc5 Kd7 83. Kb6 Ke7 84. Kc7 1-0

[Event "29th CRO-chT Junior 2020"]
[Site "Cakovec"]
[Date "2020.07.15"]
[Round "4.3"]
[White "Vuk, Sebastijan"]
[Black "Bedic, Noemi"]
[Result "0-1"]
[ECO "C68"]
[WhiteElo "1382"]
[BlackElo "1712"]
[Annotator "NA RC"]
[PlyCount "74"]
[EventDate "2020.07.14"]
[EventType "team-tourn"]
[EventCountry "CRO"]
[SourceTitle "playchess.com"]
[Source "ChessBase"]
[SourceQuality "1"]
[TimeControl "5400+30"]

1. e4 e5 2. Nf3 Nc6 3. Bb5 a6 4. Bxc6 dxc6 5. Nc3 Bd6 6. d3 Ne7 7. Be3 O-O 8. h3 h6 9. O-O Be6 10. Re1 Ng6 11. d4 Qe7 12. Qe2 Rad8 13. a3 Rfe8 14. Na2 exd4 15. Nxd4 Bxa2 16. Nf5 Qxe4 17. Nxd6 Rxd6 18. Rxa2 Nh4 19. Qg4 Rg6 20. Qxe4 Rxe4 21. Kh1 Nxg2 22. Re2 Nxe3 23. Rxe3 Rxe3 24. fxe3 Rg3 25. e4 Rxh3+ 26. Kg2 Re3 27. Kf2 Rxe4 28. Ra1 f5 29. Rd1 Re7 30. Rd8+ Kf7 31. Rb8 b6 32. Ra8 a5 33. b4 axb4 34. axb4 g5 35. Rh8 Kg6 36. Rg8+ Kh5 37. Rf8 f4 0-1

[Event "29th CRO-chT Junior 2020"]
[Site "Cakovec"]
[Date "2020.07.15"]
[Round "4.4"]
[White "Jaksic, Josip"]
[Black "Kristofic, Dino"]
[Result "1-0"]
[ECO "B72"]
[WhiteElo "1616"]
[BlackElo "1290"]
[Annotator "NA RC"]
[PlyCount "37"]
[EventDate "2020.07.14"]
[EventType "team-tourn"]
[EventCountry "CRO"]
[SourceTitle "playchess.com"]
[Source "ChessBase"]
[SourceQuality "1"]
[TimeControl "5400+30"]

1. e4 c5 2. Nf3 d6 3. d4 cxd4 4. Nxd4 Nf6 5. Nc3 g6 6. Be2 Bg7 7. Be3 O-O 8. Qd2 b6 9. Bf3 e5 10. Ndb5 Ne8 11. Qd5 Nc7 12. Nxc7 Qxc7 13. Qxa8 Nc6 14. Nd5 Qd7 15. Nxb6 Qc7 16. Nd5 Qd7 17. Ne7+ Nxe7 18. Qxa7 Qd8 19. O-O 1-0

[Event "29th CRO-chT Junior 2020"]
[Site "Cakovec"]
[Date "2020.07.15"]
[Round "4.5"]
[White "Haidinger, Erik"]
[Black "Jambresic, Filip"]
[Result "*"]
[ECO "D02"]
[WhiteElo "1767"]
[BlackElo "2077"]
[Annotator "RC"]
[PlyCount "72"]
[EventDate "2020.07.14"]
[EventType "team-tourn"]
[EventCountry "CRO"]
[SourceTitle "playchess.com"]
[Source "ChessBase"]
[SourceQuality "1"]
[TimeControl "5400+30"]

1. d4 Nf6 2. Bf4 e6 3. Nf3 c5 4. e3 Nc6 5. c3 d5 6. Nbd2 Bd6 7. Ne5 Qc7 8. Ndf3 O-O 9. Bd3 h6 10. Nxc6 bxc6 11. Ne5 Rb8 12. Rb1 c4 13. Bc2 Re8 14. Qf3 Nd7 15. Qg3 Bxe5 16. dxe5 Kf8 17. Qh4 Nxe5 18. Qh5 f6 19. h4 Rb6 20. Qg6 Qf7 21. Bxe5 fxe5 22. Qg3 Qf6 23. Rf1 Ba6 24. e4 Qf4 25. Qg6 d4 26. g3 Qf6 27. Qh5 Qf7 28. Qxe5 d3 29. Bd1 Reb8 30. f4 Qf6 31. Qd6+ Qe7 32. Qe5 Rb5 33. Qd4 Rxb2 34. Rxb2 Rxb2 35. f5 e5 36. Qe3 Rb5 *

[Event "29th CRO-chT Junior 2020"]
[Site "Cakovec"]
[Date "2020.07.15"]
[Round "4.8"]
[White "Novosel, Lovro"]
[Black "Kresic, Vid"]
[Result "1-0"]
[ECO "C60"]
[WhiteElo "1719"]
[BlackElo "1216"]
[Annotator "NA RC"]
[PlyCount "63"]
[EventDate "2020.07.14"]
[EventType "team-tourn"]
[EventCountry "CRO"]
[SourceTitle "playchess.com"]
[Source "ChessBase"]
[SourceQuality "1"]
[TimeControl "5400+30"]

1. e4 e5 2. Nf3 Nc6 3. Bb5 f6 4. O-O Bc5 5. c3 a6 6. Ba4 b5 7. Bb3 d6 8. d4 Bb6 9. h3 Bb7 10. Be3 Na5 11. Bxg8 Rxg8 12. Nbd2 Rf8 13. Nh4 Kf7 14. b4 Nc4 15. Nxc4 bxc4 16. Qg4 Bc8 17. Nf5 Bxf5 18. exf5 d5 19. dxe5 fxe5 20. Bxb6 cxb6 21. Rad1 b5 22. Rfe1 e4 23. Rd4 Ra7 24. Red1 Rd7 25. f6 Kxf6 26. Rxe4 dxe4 27. Rxd7 Qc8 28. Qxg7+ Kf5 29. Rd5+ Ke6 30. Re5+ Kd6 31. Qe7+ Kc6 32. Re6+ 1-0

[Event "29th CRO-chT Junior 2020"]
[Site "Cakovec"]
[Date "2020.07.15"]
[Round "4.12"]
[White "Cecic-Sule, Dino"]
[Black "Colev, Ivor"]
[Result "1-0"]
[ECO "A80"]
[WhiteElo "1695"]
[BlackElo "1893"]
[Annotator "NA RC"]
[PlyCount "95"]
[EventDate "2020.07.14"]
[EventType "team-tourn"]
[EventCountry "CRO"]
[SourceTitle "playchess.com"]
[Source "ChessBase"]
[SourceQuality "1"]
[TimeControl "5400+30"]

1. d4 f5 2. g4 fxg4 3. Bg5 d5 4. Nc3 Nf6 5. h3 g3 6. fxg3 {[%emt 0:01:30] A80: Dutch Defence: Unusual White second moves.} Bf5 {[%emt 0:00:30] [#]} 7. Bxf6 $146 ({Predecessor:} 7. Bg2 c6 8. Qd2 Nbd7 9. Nf3 e6 10. g4 Be4 11. a3 Qc7 12. Bf4 Bd6 13. Bxd6 Qxd6 {1-0 (35) Spelec,D (2027)-Pirs,M (2068) Sentjur 2013}) 7... exf6 8. e3 Bb4 9. Bd3 Bxc3+ 10. bxc3 Be6 11. Qf3 Nd7 12. Ne2 Qe7 13. Nf4 O-O-O (13... Bf7 $11) 14. Kd2 (14. c4 $14) 14... c6 15. a4 Bf7 16. Bf5 g5 17. Nd3 Kb8 18. Bxd7 Rxd7 19. Nc5 Rd6 20. Rhb1 (20. a5 $16) 20... b6 21. a5 b5 22. a6 Bg6 23. g4 h5 24. Qg3 Ka8 25. Nb7 Rd7 26. Nc5 Rdd8 27. Rh1 Rh7 28. h4 $11 Rdh8 $1 29. hxg5 fxg5 (29... h4 $11 {keeps the balance.} 30. Qh2 fxg5) 30. gxh5 Bxh5 31. Nd3 (31. Raf1 $16) 31... Rh6 32. Ne5 g4 33. Raf1 Qd6 34. Qf4 Qe6 35. Qf8+ Be8 36. Qxh8 Rxh8 37. Rxh8 Kb8 38. Rff8 Kc7 39. Rxe8 Qf5 40. Rc8+ Kb6 41. Rxc6+ Ka5 42. Rh1 Qf2+ 43. Kc1 Qg2 44. Re1 b4 45. Kb2 Kb5 46. Ra1 bxc3+ 47. Kxc3 Qe2 48. Rc5+ 1-0

[Event "29th CRO-chT Junior 2020"]
[Site "Cakovec"]
[Date "2020.07.15"]
[Round "4.14"]
[White "Matota, Dominik"]
[Black "Dumancic, Simun"]
[Result "1/2-1/2"]
[ECO "B76"]
[WhiteElo "1807"]
[BlackElo "1896"]
[Annotator "NA RC"]
[PlyCount "64"]
[EventDate "2020.07.14"]
[EventType "team-tourn"]
[EventCountry "CRO"]
[SourceTitle "playchess.com"]
[Source "ChessBase"]
[SourceQuality "1"]
[TimeControl "5400+30"]

1. e4 c5 2. Nf3 Nc6 3. d4 cxd4 4. Nxd4 g6 5. Nc3 Bg7 6. Be3 Nf6 $1 7. Qd2 d6 ({Black should play} 7... O-O $11) 8. f3 O-O 9. Be2 (9. g4 $16) 9... a6 (9... d5 $11) 10. Nb3 {[%emt 0:02:30] B76: Sicilian Dragon: Yugoslav Attack, 9 g4 and 9 0-0-0.} Be6 11. Nd5 Bxd5 12. exd5 Ne5 13. c4 (13. f4 $11 Neg4 14. Bd4) 13... Rc8 14. Rc1 {[%emt 0:00:30] [#]} Qd7 {[%emt 0:05:30] [#]} ({Better is} 14... b5 $1 $17 15. cxb5 Rxc1+ 16. Nxc1 axb5) 15. Nd4 $146 ({Predecessor:} 15. O-O $14 Rfe8 16. Rfd1 e6 17. dxe6 Qxe6 18. Nd4 Nxf3+ 19. Bxf3 Qxe3+ 20. Qxe3 Rxe3 21. Bxb7 {0-1 (64) Goodfellow,R (1909)-Tombolis,C (1417) Crawley 2016}) 15... e6 (15... b5 $5 16. b3 bxc4 17. bxc4 Qa4 $15) 16. dxe6 fxe6 17. O-O Nc6 (17... d5 $11) 18. Rfd1 Rfd8 19. b4 Ne7 20. Nb3 Qc7 21. b5 Nf5 22. bxa6 bxa6 23. Bf2 (23. Bf4 $14) 23... Bh6 $1 24. Qb2 Bxc1 25. Qxf6 Bh6 26. Qxe6+ Qf7 27. Qxf7+ Kxf7 28. g4 Ne7 $11 ({Black should try} 28... Ne3 $17 29. Rd4 Re8) 29. Bb6 Re8 30. Rxd6 Rc6 31. Rxc6 Nxc6 32. Kf2 Bf4 1/2-1/2

[Event "29th CRO-chT Junior 2020"]
[Site "Cakovec"]
[Date "2020.07.15"]
[Round "4.15"]
[White "Sagovac, Kristijan"]
[Black "Borzan, Matej"]
[Result "1-0"]
[ECO "B09"]
[WhiteElo "1839"]
[BlackElo "1746"]
[Annotator "NA RC"]
[PlyCount "47"]
[EventDate "2020.07.14"]
[EventType "team-tourn"]
[EventCountry "CRO"]
[SourceTitle "playchess.com"]
[Source "ChessBase"]
[SourceQuality "1"]
[TimeControl "5400+30"]

1. e4 d6 2. d4 Nf6 3. Nc3 g6 4. f4 Bg7 5. Nf3 O-O 6. Be2 c6 7. h3 {[%emt 0:01:30] B09: Pirc Defence: Austrian Attack.} Nh5 8. g4 (8. Kf2 $14) 8... Ng3 9. Rg1 Nxe2 10. Qxe2 {[%emt 0:00:00] [#]} e5 $146 (10... b5 $15 {stays ahead.}) ({Predecessor:} 10... Qb6 11. e5 Na6 12. b3 c5 13. Nd5 Qd8 14. Nc3 cxd4 15. Nb5 d3 16. Qxd3 dxe5 17. Qxd8 Rxd8 18. fxe5 {0-1 (45) Rosenstein,P (1725)-Fomin,G (2089) San Francisco 2014}) 11. dxe5 ({Much worse is} 11. fxe5 $6 dxe5 {Much weaker is} 12. dxe5 $6 Qb6 $11) 11... dxe5 {[%emt 0:00:30] [#]} 12. f5 $1 ({Reject} 12. Nxe5 $6 Qh4+ 13. Qf2 Qxh3 $11) 12... b6 (12... Qb6 $16) 13. Bg5 f6 14. Bd2 Ba6 15. Qg2 g5 16. h4 h6 17. hxg5 fxg5 18. O-O-O Qe7 19. Qh2 (19. Rh1 $18 {has better winning chances.}) 19... Qf6 $2 (19... Rd8 $16) 20. Rh1 Bc4 (20... Rd8 $142 21. Qh5 Qf7 22. Qxf7+ Kxf7) 21. Nxg5 hxg5 22. Qh7+ Kf7 23. Qh5+ {[%emt 0:00:00] Double Attack} Ke7 $18 24. Bxg5 1-0

[Event "29th CRO-chT Junior 2020"]
[Site "Cakovec"]
[Date "2020.07.15"]
[Round "4.16"]
[White "Dankos, Mislav"]
[Black "Martic, Filip"]
[Result "0-1"]
[ECO "B38"]
[WhiteElo "1274"]
[BlackElo "1656"]
[Annotator "NA RC"]
[PlyCount "46"]
[EventDate "2020.07.14"]
[EventType "team-tourn"]
[EventCountry "CRO"]
[SourceTitle "playchess.com"]
[Source "ChessBase"]
[SourceQuality "1"]
[TimeControl "5400+30"]

1. e4 c5 2. Nf3 g6 3. d4 cxd4 4. Nxd4 Nc6 5. c4 Nf6 6. Nc3 d6 7. Be2 Bg7 8. Be3 Bd7 9. O-O Nxd4 10. Bxd4 Bc6 11. f3 a5 12. Na4 O-O 13. Nb6 Rb8 14. Nd5 Bxd5 15. cxd5 Nd7 16. Rc1 Bxd4+ 17. Qxd4 Nc5 18. b3 Qd7 19. Rc2 Rfc8 20. Rfc1 b5 21. b4 axb4 22. Qxb4 Qa7 23. e5 Nd3+ 0-1

[Event "29th CRO-chT Junior 2020"]
[Site "Cakovec"]
[Date "2020.07.15"]
[Round "4.17"]
[White "Muha, Miljenko"]
[Black "Damjanovic, Stjepan"]
[Result "1-0"]
[ECO "E48"]
[WhiteElo "2310"]
[BlackElo "1867"]
[Annotator "RC"]
[PlyCount "59"]
[EventDate "2020.07.14"]
[EventType "team-tourn"]
[EventCountry "CRO"]
[SourceTitle "playchess.com"]
[Source "ChessBase"]
[SourceQuality "1"]
[TimeControl "5400+30"]

1. d4 Nf6 2. c4 e6 3. Nc3 Bb4 4. e3 O-O 5. Bd3 d5 6. a3 Be7 7. cxd5 exd5 8. Nge2 c5 9. dxc5 Bxc5 10. Nd4 Bxd4 11. exd4 Re8+ 12. Be3 Ng4 13. O-O Qd6 14. g3 Nxe3 15. fxe3 Rxe3 16. Bxh7+ Kf8 17. Qh5 Be6 18. Bg6 f6 19. Rxf6+ Ke7 20. Rff1 Rxg3+ 21. hxg3 Qxg3+ 22. Kh1 Nd7 23. Rf3 Qd6 24. Re1 Nf6 25. Qe5 Rh8+ 26. Kg1 Qb6 27. Nxd5+ Nxd5 28. Qxd5 Rh6 29. Rf7+ Ke8 30. Rxe6+ 1-0

[Event "29th CRO-chT Junior 2020"]
[Site "Cakovec"]
[Date "2020.07.16"]
[Round "5.7"]
[White "Baric, Marko"]
[Black "Sagovac, Kristijan"]
[Result "1-0"]
[ECO "B51"]
[WhiteElo "1831"]
[BlackElo "1839"]
[Annotator "NA RC"]
[PlyCount "111"]
[EventDate "2020.07.14"]
[EventType "team-tourn"]
[EventCountry "CRO"]
[SourceTitle "playchess.com"]
[Source "ChessBase"]
[SourceQuality "1"]
[TimeControl "5400+30"]

1. e4 c5 2. Nf3 Nc6 3. Bb5 e5 4. O-O d6 5. c3 Nf6 6. d4 {[%emt 0:02:30] B51: Sicilian: Moscow Variation (3 Bb5+) without 3...Bd7.} cxd4 7. cxd4 Bd7 8. dxe5 Nxe5 9. Bxd7+ Qxd7 {[%emt 0:01:30] [#]} 10. Nc3 $146 ({Predecessor:} 10. Nxe5 dxe5 11. Qb3 Bd6 12. Nc3 Qc6 13. Re1 O-O 14. Bg5 Bc5 15. Rac1 {0-1 (31) Gonzalez,M (2255)-Perez Moregon,J Havana 1992}) 10... Be7 11. Bf4 Ng6 12. Bg3 O-O 13. Qb3 b6 14. Rad1 Qb7 15. Rfe1 Rad8 16. Nd4 Rfe8 17. Nf5 Bf8 18. Bxd6 Nxe4 $2 (18... Nh4 $16 {is more resistant.}) 19. Bxf8 Rxd1 20. Qxd1 ({Weaker is} 20. Rxd1 Rxf8 21. Nd5 Kh8 $14) 20... Qc8 21. Rxe4 Rxe4 22. Nd6 ({Much less strong is} 22. Nxe4 Qxf5 23. Bb4 h6 $18) 22... Re1+ 23. Qxe1 Qxf8 24. Qe8 Qxe8 25. Nxe8 Ne5 26. Nc7 Kf8 27. b3 Ke7 28. N7b5 Nc6 29. Kf1 Kd7 30. Ne4 f5 31. Nd2 a6 32. Nc3 b5 33. Ke2 Kd6 34. Nf3 Kc5 35. Kd3 a5 36. Ng5 Ne5+ 37. Kc2 g6 38. h3 h5 39. Ne6+ Kd6 40. Nf4 b4 41. Nce2 h4 42. Nd3 Nd7 43. Kd2 Nf6 44. Nb2 Ne4+ 45. Ke3 Kc5 46. Nd3+ Kd6 47. Kd4 g5 48. Kc4 g4 49. Kb5 Nc3+ 50. Nxc3 bxc3 51. Kc4 c2 52. Kc3 gxh3 53. gxh3 c1=Q+ 54. Nxc1 Ke5 55. Ne2 $18 Ke4 56. Ng1 1-0

[Event "29th CRO-chT Junior 2020"]
[Site "Cakovec"]
[Date "2020.07.16"]
[Round "5.8"]
[White "Martic, Filip"]
[Black "Cecic-Sule, Dino"]
[Result "1/2-1/2"]
[ECO "D37"]
[WhiteElo "1656"]
[BlackElo "1695"]
[Annotator "NA RC"]
[PlyCount "110"]
[EventDate "2020.07.14"]
[EventType "team-tourn"]
[EventCountry "CRO"]
[SourceTitle "playchess.com"]
[Source "ChessBase"]
[SourceQuality "1"]
[TimeControl "5400+30"]

1. d4 d5 2. Nf3 Nf6 3. c4 e6 4. Nc3 Be7 5. Bf4 O-O 6. e3 b6 7. cxd5 Nxd5 8. Bg3 Nxc3 9. bxc3 Bb7 10. Be2 Nd7 11. O-O c5 12. Rc1 Nf6 13. Qa4 Ne4 14. Rfd1 Nxg3 15. hxg3 Qc7 16. Ne5 f6 17. Nd3 e5 18. dxc5 bxc5 19. Qc4+ Kh8 20. Nb4 Rad8 21. Nd5 Bxd5 22. Rxd5 Rxd5 23. Qxd5 Rd8 24. Qc4 g6 25. Rd1 Rxd1+ 26. Bxd1 Kg7 27. Bb3 Bd6 28. Qg8+ Kh6 29. Qe6 Qe7 30. Qh3+ Kg7 31. Qc8 Qf8 32. Qb7+ Qe7 33. Qd5 f5 34. e4 fxe4 35. Qxe4 Qg5 36. Qb7+ Qe7 37. Qc8 e4 38. Qe6 Qxe6 39. Bxe6 Kf6 40. Bb3 Be5 41. c4 Bc3 42. Kf1 Ke5 43. Ke2 Kd4 44. g4 g5 45. Bc2 h6 46. Bb3 Ba5 47. g3 Bc3 48. Bc2 a5 49. Bb3 Bb2 50. Kd2 Ba3 51. Bc2 Bb4+ 52. Ke2 Kxc4 53. Bxe4 Kd4 54. Bh7 c4 55. Kd1 Ke5 1/2-1/2

[Event "29th CRO-chT Junior 2020"]
[Site "Cakovec"]
[Date "2020.07.16"]
[Round "5.14"]
[White "Sundac, Ivano"]
[Black "Mijic, Karlo"]
[Result "1-0"]
[ECO "D02"]
[WhiteElo "1408"]
[BlackElo "1729"]
[Annotator "NA RC"]
[PlyCount "89"]
[EventDate "2020.07.14"]
[EventType "team-tourn"]
[EventCountry "CRO"]
[SourceTitle "playchess.com"]
[Source "ChessBase"]
[SourceQuality "1"]
[TimeControl "5400+30"]

1. d4 Nf6 2. Bf4 d5 3. e3 e6 4. Nf3 Bd6 5. Ne5 O-O 6. Nd2 c5 7. c3 Qc7 8. Bd3 Nc6 9. Ndf3 cxd4 10. exd4 Ne4 11. Bg3 f6 12. Nxc6 bxc6 13. Qc2 f5 14. Bxd6 Qxd6 15. Ne5 a5 16. f3 Nf6 17. O-O Ba6 18. Rfe1 c5 19. Bxa6 Rxa6 20. Nd3 cxd4 21. cxd4 Nd7 22. Rac1 Rb8 23. Qd2 Qb6 24. Qf4 Kf7 25. Rc7 Ra7 26. Ne5+ Ke8 27. Rc6 Qb4 28. Rxe6+ Kf8 29. Nxd7+ Rxd7 30. Qxf5+ Rf7 31. Qxd5 g6 32. Qe5 Kg8 33. Qxb8+ Qxb8 34. Re8+ Rf8 35. Rxb8 Rxb8 36. b3 Rb4 37. Rd1 Kf7 38. Kf2 a4 39. Rd3 Ke6 40. Ke3 Kd5 41. Rc3 Rxd4 42. Rd3 Rxd3+ 43. Kxd3 a3 44. b4 Ke5 45. Kc4 1-0